 Dungeon Crawl Stone Soup version 0.29-a0-901-g46a8461d6a (webtiles) character file.

Game seed: 8588457524119092503

49961 inmateoo the Thaumaturge (level 14, 0/103 HPs)
             Began as a Demonspawn Necromancer on July 23, 2022.
             Was an Elder of Vehumet.
             Slain by a six-headed hydra (10 damage)
             ... on level 4 of the Lair of Beasts on July 24, 2022.
             The game lasted 00:47:12 (22634 turns).

inmateoo the Thaumaturge (Demonspawn Necromancer)  Turns: 22634, Time: 00:47:13

Health: 0/103      AC: 12    Str: 22    XL:     14   Next: 17%
Magic:  0/30       EV: 16    Int: 20    God:    Vehumet [****..]
Gold:   1193       SH:  0    Dex: 15    Spells: 18/38 levels left

rFire   . . .      SeeInvis .   E - +3 dagger "Icluadut" {venom, rC+ Str+6}
rCold   + + .      Faith    .   t - orb {light}
rNeg    . . .      Spirit   +   y - +1 robe "Kur Xor" {Str+7}
rPois   .          Reflect  .   (helmet restricted)
rElec   .          Harm     .   H - +1 cloak
rCorr   .          Rampage  .   (no gloves)
Will    ++...                   r - +0 pair of boots
Stlth   ++........              (no amulet)
HPRegen 0.27/turn               u - ring of protection from cold
MPRegen 0.44/turn               e - ring of willpower

@: sanguine armoured, glowing, studying Ice Magic
A: antennae 2, magic shield, magic regeneration, magic link, sanguine armour 1
a: Renounce Religion


You were on level 4 of the Lair of Beasts.
You worshipped Vehumet.
Vehumet was greatly pleased with you.
You visited 3 branches of the dungeon, and saw 18 of its levels.
You also visited: Bailey and Ice Cave.

You collected 1335 gold pieces.
You spent 142 gold pieces at shops.

Inventory:

Hand Weapons
 C - the +8 flail of Tybrolo {protect, Dex+4}
   (You found it on level 7 of the Dungeon)

   It grants its wielder temporary protection when it strikes (+7 to AC).
   Dex:       It affects your dexterity (+4).
 E - the +3 dagger "Icluadut" (weapon) {venom, rC+ Str+6}
   (You found it on level 7 of the Dungeon)

   It poisons the flesh of those it strikes.
   Str:       It affects your strength (+6).
   rC:        It protects you from cold.
Armour
 r - a +0 pair of boots (worn)
 t - an orb of light (worn)
 v - a +0 troll leather armour
 y - the +1 robe "Kur Xor" (worn) {Str+7}
   (You found it on level 5 of the Dungeon)

   Str:       It affects your strength (+7).
 H - a +1 cloak (worn)
 T - a +0 robe of resistance
Magical Staves
 f - a staff of fire
Jewellery
 a - a ring of poison resistance
 e - a ring of willpower (right hand)
 h - a ring of protection from fire
 u - a ring of protection from cold (left hand)
 D - the amulet "Nuoritar" {Faith rCorr Str+4}
   (You took it off a centaur warrior on level 11 of the Dungeon)

   [amulet of faith]

   It allows you to gain divine favour quickly.
   Str:       It affects your strength (+4).
   rCorr:     It protects you from acid and corrosion.
 I - a ring of protection from cold
 J - the ring of Monah {Fire Int+4 Dex+4}
   (You took it off a deep elf pyromancer on level 11 of the Dungeon)

   [ring of fire]

   It enhances your fire magic.
   Int:       It affects your intelligence (+4).
   Dex:       It affects your dexterity (+4).
   rF:        It protects you from fire.
   rC:        It makes you vulnerable to cold.
Wands
 k - a wand of roots (3)
 F - a wand of charming (15)
 K - a wand of mindburst (3)
 L - a wand of quicksilver (2)
 Q - a wand of digging (9)
 S - a wand of polymorph (4)
 U - a wand of flame (3)
Scrolls
 g - 2 scrolls of magic mapping
 i - 4 scrolls of teleportation
 j - 2 scrolls of enchant armour
 m - 5 scrolls of amnesia
 o - 2 scrolls of poison
 s - 3 scrolls of enchant weapon
 z - 2 scrolls of blinking
 M - 2 scrolls of fog
 N - 6 scrolls of identify
Potions
 b - 3 potions of magic
 d - 3 potions of brilliance
 l - 3 potions of ambrosia
 n - 3 potions of cancellation
 p - 9 potions of curing
 q - 7 potions of might
 w - 5 potions of haste
 x - 2 potions of lignification
 A - 5 potions of mutation
 B - 2 potions of resistance
 G - 2 potions of berserk rage
 P - 2 potions of flight
Miscellaneous
 O - a phantom mirror
 R - a box of beasts


   Skills:
 + Level 7.1 Fighting
 - Level 4.0 Armour
 + Level 8.4 Dodging
 + Level 8.8 Stealth
 + Level 6.1 Unarmed Combat
 + Level 12.8 Spellcasting
 - Level 5.0 Conjurations
 - Level 10.0 Necromancy
 - Level 2.0 Transmutations
 - Level 2.0 Fire Magic
 - Level 2.0 Air Magic
 + Level 6.8 Earth Magic
 + Level 2.2 Evocations


You had 18 spell levels left.
You knew the following spells:

 Your Spells              Type           Power      Damage    Failure   Level
a - Necrotise             Necr           100%       1d9       1%          1
b - Vampiric Draining     Necr           51%        2d9       1%          3
c - Stone Arrow           Conj/Erth      72%        3d11      1%          3
d - Passwall              Tmut/Erth      25%        N/A       1%          2
e - Static Discharge      Conj/Air       26%        3-7/arc   1%          2
f - Sticky Flame          Conj/Fire      26%        2d5       3%          4
g - Irradiate             Conj/Tmut      13%        3d16      10%         5

Your spell library contained the following spells:

 Spells                   Type           Power      Damage    Failure   Level
 Sandblast                Erth           80%        2d17      1%          1
 Animate Dead             Necr           51%        N/A       1%          4
 Dispel Undead            Necr           51%        3d19      1%          4
 Agony                    Necr           51%        N/A       2%          5
 Corpse Rot               Necr/Pois/Air  28%        N/A       10%         4
 Death Channel            Necr           25%        N/A       13%         6


Dungeon Overview and Level Annotations

Branches:
Dungeon (13/15)            Temple (1/1) D:6            Lair (4/5) D:8
  Swamp (0/4) Lair:3        Snake (0/4) Lair:2          Orc (0/2) D:12
 Bailey (visited)           IceCv (visited)
  Slime: Lair:4-5    Vaults: D:13-14

Altars:
Ashenzari
Cheibriados
Dithmenos
Fedhas
Gozag
Hepliaklqana
Kikubaaqudgha
Makhleb
Nemelex Xobeh
Okawaru
Qazlal
Ru
Sif Muna
Trog
Uskayaw
Vehumet
Wu Jian
Xom
Yredelemnul

Shops:
D:1 =   D:5 [   D:10 (

Annotations:
Lair:3 3 runed translucent doors, funkygono's ghost, journeyman GrEE


Innate Abilities, Weirdness & Mutations

You have a pair of antennae on your head.
When hurt, damage is shared between your health and your magic reserves.
You regenerate magic rapidly.
When low on magic, you restore magic in place of health.
When seriously injured, your blood forms armour. (AC +6)


Message History

Confirm with . or Enter, or press ? or * to list all spells.
Aiming: Vampiric Draining (safe; 1% risk of failure)
Press: ? - help, Shift-Dir - straight line, f/p - six-headed hydra
Aim: a six-headed hydra (moderately wounded, haloed)
You draw life force from the six-headed hydra!
You feel life coursing into your body.
The six-headed hydra bites you but does no damage.
The six-headed hydra barely misses you. x2
The six-headed hydra bites you but does no damage.
The six-headed hydra closely misses you.
The six-headed hydra bites you.
Casting: Vampiric Draining (safe; 1% risk of failure)
Confirm with . or Enter, or press ? or * to list all spells.
Aiming: Vampiric Draining (safe; 1% risk of failure)
Press: ? - help, Shift-Dir - straight line, f/p - six-headed hydra
Aim: a six-headed hydra (heavily wounded, haloed)
You draw life force from the six-headed hydra!
You feel life coursing into your body. The six-headed hydra bites you!
* * * LOW HITPOINT WARNING * * *
The six-headed hydra bites you but does no damage.
The six-headed hydra bites you.
* * * LOW HITPOINT WARNING * * *
The six-headed hydra bites you but does no damage. x2
The six-headed hydra bites you!
* * * LOW HITPOINT WARNING * * *
As you read the scroll of summoning, it crumbles to dust.
Wisps of shadow whirl around you...
The six-headed hydra bites you but does no damage. x2
The six-headed hydra bites you.
* * * LOW HITPOINT WARNING * * *
The six-headed hydra bites you but does no damage.
The six-headed hydra closely misses you.
The six-headed hydra bites you.
* * * LOW HITPOINT WARNING * * *
You swap places.
The six-headed hydra attacks as you move away!
The six-headed hydra bites you.
* * * LOW HITPOINT WARNING * * *
The six-headed hydra misses you. x3; The six-headed hydra bites you!
You die...

###.+##..
#.##.####+#.# #P.
### #######....##
##.... #...#.# . .#
#..#..## ..#.#
#......## ...Y. ##
#.......# ......##.
#.......# .....Y+.#
#.......# ..Y..SD@##
#.......#
.....^#S.###......##
..... #.Yl.#.....<##
.).. ##...........#
... ##.........## ..
#.........# .
####......##
##....##.# #.#
#....†####


You could see a six-headed hydra (ally target), a water moccasin (ally target),
4 friendly yaks, a friendly basilisk (summoned), a friendly water moccasin
(summoned) and a friendly wyvern (summoned).

Vanquished Creatures
  6 hydras
  2 centaur warriors
  An ogre mage (D:13)
  2 two-headed ogres
  2 boulder beetles (D:11)
  2 bog bodies (IceCv)
  A wizard (D:11)
  2 orc knights (Bailey)
  3 deep elf pyromancers
  3 ugly things
  2 cyclopes (D:12)
  3 manticores
  2 black mambas
  An ice statue (IceCv)
  A gargoyle (D:11)
  An unseen horror (D:12)
  A freezing wraith (IceCv)
  5 cane toads
  An efreet (D:11)
  11 komodo dragons
  6 kobold demonologists
  3 rime drakes
  An ice devil (IceCv)
  2 yaktaurs (D:11)
  2 tyrant leeches (Lair:3)
  5 trolls
  A polar bear (Lair:1)
  2 wraiths
  A yak (shapeshifter) (D:11)
  3 wyverns
  A shadow (D:11)
  2 basilisks
  21 yaks
  4 death yak simulacra
  A steam dragon (D:7)
  A vampire mosquito (D:11)
  Menkaure (D:4)
  A naga (Lair:2)
  3 water moccasins
  3 acid dragons
  A sky beast (D:7)
  13 orc warriors
  4 ice beasts (D:5)
  A black bear (D:7)
  5 ogres
  3 centaurs
  12 wolves
  2 phantoms
  4 kobold brigands
  7 bullfrogs
  4 gnoll sergeants
  3 two-headed ogre simulacra (IceCv)
  6 scorpions
  3 cane toad simulacra
  5 killer bees (D:9)
  3 elephant simulacra (IceCv)
  An electric eel (Lair:3)
  A howler monkey (D:9)
  2 hounds (D:4)
  6 orc priests
  2 iguanas
  7 orc wizards
  2 polar bear simulacra (IceCv)
  5 troll simulacra (IceCv)
  9 spriggan simulacra (IceCv)
  3 wolf simulacra
  6 adders
  21 gnolls
  4 naga simulacra (IceCv)
  A shadow imp (D:7)
  6 white imps
  5 ufetubi (IceCv)
  3 worms
  A dart slug (D:4)
  62 orcs
  4 bats
  8 endoplasms
  2 giant cockroaches (D:2)
  6 goblins
  5 hobgoblins
  4 jackals (D:5)
  18 kobolds
  3 quokkas
  5 ball pythons
  3 frilled lizards
  A rat (D:1)
398 creatures vanquished.

Vanquished Creatures (collateral kills)
  An ironbound preserver (D:13)
  A hydra (D:11)
  3 two-headed ogres
  A manticore (D:13)
  A cyclops (D:11)
  A troll (D:13)
  An acid dragon (D:13)
  5 orcs (Bailey)
  A bat (D:1)
  An endoplasm (D:3)
  A giant cockroach (D:2)
  A goblin (D:1)
  A hobgoblin (D:4)
  A kobold (D:9)
20 creatures vanquished.

Vanquished Creatures (others)
  31 fungi
  34 plants
65 creatures vanquished.

Grand Total: 483 creatures vanquished

Notes
Turn   | Place    | Note
-------+----------+-------------------------------------------
     0 | D:1      | inmateoo the Demonspawn Necromancer began the quest for the
                  | Orb.
     0 | D:1      | Reached XP level 1. HP: 13/13 MP: 3/3
   252 | D:1      | Gained mutation: You regenerate magic rapidly. [demonic
                  | ancestry]
   252 | D:1      | Reached XP level 2. HP: 19/19 MP: 0/5
  1135 | D:1      | Found a faded altar of an unknown god.
  1167 | D:1      | Found Ychyjaw's Jewellery Emporium.
  1294 | D:2      | Gained mutation: When hurt, damage is shared between your
                  | health and your magic reserves. [demonic ancestry]
  1294 | D:2      | Reached XP level 3. HP: 24/24 MP: 1/6
  1306 | D:2      | Learned a level 3 spell: Vampiric Draining
  1614 | D:2      | Reached XP level 4. HP: 30/30 MP: 2/7
  1865 | D:2      | Found a hide-covered altar of Uskayaw.
  1938 | D:2      | Reached skill level 5 in Necromancy
  2708 | D:3      | Found a shadowy altar of Dithmenos.
  2709 | D:3      | Found a broken altar of Ashenzari.
  2832 | D:4      | Noticed an ogre
  3001 | D:4      | Killed an ogre
  3002 | D:4      | Reached skill level 3 in Spellcasting
  3002 | D:4      | Gained mutation: When seriously injured, your blood forms
                  | armour. (AC +6) [demonic ancestry]
  3002 | D:4      | Reached XP level 5. HP: 31/35 MP: 0/9
  3080 | D:4      | Noticed an ogre
  3094 | D:4      | Killed an ogre
  3095 | D:4      | Reached XP level 6. HP: 35/41 MP: 1/11
  3125 | D:4      | Reached skill level 4 in Spellcasting
  3406 | D:4      | Noticed Menkaure
  3593 | D:4      | Killed Menkaure
  3922 | D:4      | Noticed a +0 hand axe
  3923 | D:4      | Noticed a +0 hand axe
  3926 | D:4      | Found a hide-covered altar of Uskayaw.
  3981 | D:4      | Learned a level 3 spell: Stone Arrow
  4006 | D:4      | Reached skill level 1 in Fighting
  4006 | D:4      | Gained mutation: When low on magic, you restore magic in
                  | place of health. [demonic ancestry]
  4006 | D:4      | Reached XP level 7. HP: 44/48 MP: 6/13
  4145 | D:4      | Reached skill level 1 in Armour
  4145 | D:4      | Reached skill level 1 in Unarmed Combat
  4336 | D:5      | Entered Level 5 of the Dungeon
  4579 | D:5      | Reached skill level 1 in Conjurations
  4776 | D:5      | Identified the +1 robe "Kur Xor" {Str+7}
  4829 | D:5      | Found Viess's Antique Armour Shoppe.
  4833 | D:5      | Reached skill level 1 in Earth Magic
  4836 | D:5      | Bought a glowing helmet for 142 gold pieces
  4962 | D:5      | Reached XP level 8. HP: 52/56 MP: 14/14
  5219 | D:5      | Identified the +6 mace of the Keeping Gods {holy, rPois rC-
                  | Int+3 Stlth+}
  6030 | D:6      | Found a staircase to the Ecumenical Temple.
  6036 | Temple   | Entered the Ecumenical Temple
  6078 | Temple   | Became a worshipper of Vehumet
  6120 | D:7      | Reached skill level 5 in Spellcasting
  6393 | D:7      | Reached XP level 9. HP: 17/63 MP: 1/16
  6647 | D:7      | Reached skill level 5 in Stealth
  6689 | D:7      | Identified the +8 flail of Tybrolo {protect, Dex+4}
  6744 | D:7      | Found a stormy altar of Qazlal.
  6757 | D:7      | Identified the +3 dagger "Icluadut" {venom, rC+ Str+6}
  6768 | D:7      | Reached skill level 5 in Dodging
  6900 | D:7      | Found a basalt altar of Yredelemnul.
  6925 | D:7      | Reached skill level 6 in Spellcasting
  7226 | D:8      | Reached * piety under Vehumet
  7226 | D:8      | Offered knowledge of Foxfire by Vehumet.
  7244 | D:8      | Noticed a komodo dragon
  7267 | D:8      | Killed a komodo dragon
  7268 | D:8      | Reached skill level 7 in Spellcasting
  7471 | D:8      | Found a sacrificial altar of Ru.
  7505 | D:8      | Noticed a two-headed ogre
  7513 | D:8      | Killed a two-headed ogre
  7514 | D:8      | Reached skill level 1 in Fire Magic
  7795 | D:8      | Found a bloodstained altar of Trog.
  7989 | D:8      | Found a staircase to the Lair.
  8172 | D:8      | Learned a level 2 spell: Passwall
  8428 | D:8      | Reached XP level 10. HP: 62/70 MP: 18/20
  8801 | D:9      | Offered knowledge of Static Discharge by Vehumet.
  8812 | D:9      | Reached ** piety under Vehumet
  9302 | D:9      | Found a hazy altar of Hepliaklqana.
  9356 | D:9      | Found an opulent altar of Gozag.
  9624 | D:10     | Entered Level 10 of the Dungeon
  9697 | D:10     | Learned a level 2 spell: Static Discharge
  9706 | D:10     | Noticed a manticore
  9711 | D:10     | Killed a manticore
  9739 | D:10     | Found Qyityi's Antique Weapon Shop.
  9759 | D:10     | Noticed a manticore
  9771 | D:10     | Killed a manticore
  9941 | D:10     | Found a flagged portal.
  9950 | Bailey   | Entered a bailey
 10178 | Bailey   | Offered knowledge of Poisonous Vapours by Vehumet.
 10514 | Bailey   | Reached *** piety under Vehumet
 10539 | Bailey   | Noticed an orc knight
 10548 | Bailey   | Killed an orc knight
 10646 | Bailey   | Noticed an orc knight
 10666 | Bailey   | Killed an orc knight
 11065 | D:10     | Found a sparkling altar of Nemelex Xobeh.
 11438 | D:10     | Reached skill level 5 in Fighting
 11438 | D:10     | Gained mutation: You have a pair of small antennae on your
                  | head. [demonic ancestry]
 11438 | D:10     | Reached XP level 11. HP: 69/79 MP: 19/22
 11529 | D:10     | Reached skill level 11 in Spellcasting
 11529 | D:10     | Gained mutation: You have a pair of antennae on your head.
                  | [demonic ancestry]
 11529 | D:10     | Reached XP level 12. HP: 86/86 MP: 22/27
 12606 | D:11     | Identified the ring of the Holding Queen {Str+2 Dex+6}
 12787 | D:11     | Reached skill level 5 in Earth Magic
 12789 | D:11     | Noticed a five-headed hydra
 13080 | D:11     | Killed a five-headed hydra
 13189 | D:11     | Reached skill level 12 in Spellcasting
 13202 | D:11     | Identified the ring of Monah {Fire Int+4 Dex+4}
 13204 | D:11     | Noticed a five-headed hydra
 13204 | D:11     | Identified the amulet "Nuoritar" {Faith rCorr Str+4}
 13204 | D:11     | Noticed a centaur warrior
 13207 | D:11     | Noticed a two-headed ogre
 13217 | D:11     | Killed a five-headed hydra
 13786 | D:11     | Killed a centaur warrior
 13788 | D:11     | Killed a two-headed ogre
 13789 | D:11     | Reached skill level 1 in Air Magic
 13827 | D:11     | Reached skill level 1 in Transmutations
 13860 | D:11     | Found a runed translucent door.
 13869 | D:11     | Identified the ring of Ipeqazux {rCorr Str-2 Int-2 Dex+8
                  | Stlth+}
 13876 | D:11     | Noticed a boulder beetle
 13903 | D:11     | Killed a boulder beetle
 13903 | D:11     | Offered knowledge of Sticky Flame by Vehumet.
 14303 | D:12     | Noticed a boulder beetle
 14340 | D:11     | Killed a boulder beetle
 14408 | D:11     | Learned a level 4 spell: Sticky Flame
 14815 | D:12     | Reached XP level 13. HP: 62/92 MP: 13/29
 15445 | D:12     | Found a staircase to the Orcish Mines.
 15518 | D:12     | Reached **** piety under Vehumet
 16539 | D:13     | Offered knowledge of Hailstorm by Vehumet.
 16550 | D:13     | Reached skill level 5 in Unarmed Combat
 16552 | D:13     | Noticed an ironbound preserver
 16562 | D:13     | Killed an ironbound preserver
 16970 | Lair:1   | Entered Level 1 of the Lair of Beasts
 18459 | Lair:2   | Found a staircase to the Snake Pit.
 18526 | Lair:2   | Reached skill level 10 in Necromancy
 18589 | Lair:2   | Reached skill level 5 in Conjurations
 19402 | Lair:3   | Found a runed translucent gate.
 19402 | Lair:3   | Found a runed translucent gate.
 19402 | Lair:3   | Found a runed translucent gate.
 19448 | Lair:3   | Found a frozen archway.
 19483 | IceCv    | Entered an ice cave
 20290 | IceCv    | Reached skill level 1 in Evocations
 20348 | IceCv    | Reached ***** piety under Vehumet
 20370 | IceCv    | Offered knowledge of Irradiate by Vehumet.
 20397 | IceCv    | Learned a level 5 spell: Irradiate
 20671 | Lair:3   | Noticed funkygono's ghost (journeyman GrEE)
 20886 | Lair:3   | Reached XP level 14. HP: 23/101 MP: 6/30
 21808 | Lair:3   | Found a staircase to the Swamp.
 22634 | Lair:4   | Slain by a six-headed hydra

Illustrated notes

Levels and vault maps discovered:
D:1:      dpeg_arrival_windows_large_door, layout_basic,
          shapermc_ecumenical_altar_mp_vishouse, serial_shops,
          nicolae_shop_hallway_stairs
D:2:      layout_basic, basic_altar, minmay_tetromino_t2
D:3:      layout_rooms, minitemple
D:4:      layout_basic, dancing_weapons_uskayaw, uniq_menkaure
D:5:      nicolae_cairo_tiling_very_big, layout_basic, elyvilon_altar_3,
          serial_shops, nicolae_shop_statue_plus, minmay_hedge_maze,
          hangedman_decor_lopped
D:6:      nicolae_cairo_tiling_large_dashed, layout_basic,
          minmay_temple_entry_fiery
D:7:      layout_cave_pools, tso_metal_star, nicolae_qazlal_scattered_showers,
          mainiacjoe_overflow_alcove_1, hex_tiny
D:8:      layout_basic, trog_book, mainiacjoe_overflow_brackets,
          grunt_lair_entry_orc_guard_hut
D:9:      layout_rooms, pdpol_temple_overflow_zin_treasury_gozag_greed,
          nicolae_hepliaklqana_hippocampus
D:10:     layout_gridville, nemelex_diamond_rough_becter, serial_shops,
          nicolae_shop_waterfront, enter_bailey_8
D:11:     minmay_the_grid_triangle_9x9_recursive_2_mashed
          [minmay_the_grid_triangle_9x9_prize_special,
          minmay_the_grid_triangle_9x9_sparse_checkered,
          minmay_the_grid_triangle_9x9_subtriangle,
          minmay_the_grid_triangle_9x9_from_above], layout_cave_pods
D:12:     layout_cross, david_orc_4
D:13:     layout_small_grid, skrybe_vaults_entry_preservation, uniq_sonja
Temple:   nicolae_temple_ecumenical_triangle
Lair:1:   layout_loops_ring, infiniplex_staircase_pool_2
Lair:2:   layout_roguey, guppyfry_snake_entry_garden, grunt_megastairs_3
Lair:3:   layout_regular_city, minmay_swamp_entry_worms, gammafunk_ghost_split,
          portal_ice_cave_entry_ice_simulacra, grunt_megastairs_2,
          lemuel_fruit_fields, serial_bayou_shore_b, serial_bayou_shore_b
Lair:4:   layout_roguey

Skill      XL: |  1  2  3  4  5  6  7  8  9 10 11 12 13 14 |
---------------+-------------------------------------------+-----
Stealth        | 2 3 4 5 6 7 8 |  8.8
Dodging        | 2 3 4 5 6 7 8 |  8.4
Necromancy     | 5 6 7 8 9 10 | 10.0
Spellcasting   | 3 4 5 7 11 12 | 12.8
Fighting       | 1 3 5 6 7 |  7.1
Armour         | 1 2 3 4 |  4.0
Unarmed Combat | 1 2 4 5 6 |  6.1
Conjurations   | 1 3 5 |  5.0
Earth Magic    | 1 2 4 5 6 |  6.8
Fire Magic     | 1 2 |  2.0
Air Magic      | 1 2 |  2.0
Transmutations | 1 2 |  2.0
Evocations     | 1 2 |  2.2

Action                   |  1- 3 |  4- 6 |  7- 9 | 10-12 | 13-15 || total
-------------------------+-------+-------+-------+-------+-------++-------
Melee: Unarmed           |    26 |       |       |       |       ||    26
       Dagger            |    25 |    49 |   133 |   154 |   123 ||   484
       Trident           |       |       |    79 |       |       ||    79
       Flail             |       |       |    12 |       |       ||    12
Throw: Throwing net      |       |     2 |       |     1 |       ||     3
 Cast: Necrotise         |    49 |    79 |   109 |    72 |    14 ||   323
       Vampiric Draining |       |     6 |    25 |    93 |    44 ||   168
       Stone Arrow       |       |       |       |    98 |   260 ||   358
       Sticky Flame      |       |       |       |     2 |    22 ||    24
       Static Discharge  |       |       |       |       |     1 ||     1
       Irradiate         |       |       |       |       |     2 ||     2
Evoke: Wand              |       |       |     5 |    24 |    13 ||    42
  Use: Scroll            |       |     3 |    18 |    12 |     6 ||    39
       Potion            |       |       |       |     3 |     2 ||     5
 Stab: Sleeping          |     1 |     2 |     1 |     1 |       ||     5
       Held in net/web   |       |     3 |       |       |       ||     3
Armor: Robe              |    30 |     4 |   106 |   117 |    84 ||   341
       Skin              |       |       |       |       |    69 ||    69
Dodge: Dodged            |    75 |    38 |   172 |   287 |   276 ||   848

Table legend: (Time is in decaauts)
 A = Elapsed time spent in this place.
 B = Non-inter-level travel time spent in this place.
 C = Inter-level travel time spent in this place.
 D = Time resting spent in this place.
 E = Time spent auto-exploring this place.
 F = Levels seen in this place.
 G = Mean time per level.
                   A        B        C        D        E       F      G
               +--------+--------+--------+--------+--------+-----+--------+
         Total |  22709 |  22178 |    531 |  10115 |   7790 |  20 | 1135.4 |
       Dungeon |  16375 |  15903 |    472 |   7242 |   5540 |  13 | 1259.6 |
        Temple |     56 |     56 |      0 |      0 |     23 |   1 |   56.0 |
          Lair |   4301 |   4242 |     59 |   1707 |   2020 |   4 | 1075.2 |
        Bailey |    929 |    929 |      0 |    618 |      4 |   1 |  929.0 |
      Ice Cave |   1046 |   1046 |      0 |    548 |    203 |   1 | 1046.0 |
               +--------+--------+--------+--------+--------+-----+--------+

Top non-repeatable levels by time:
    D:11: 2574 daAuts
    D:10: 2061 daAuts
  Lair:3: 1774 daAuts
     D:8: 1691 daAuts
     D:1: 1263 daAuts
    D:12: 1208 daAuts
     D:4: 1202 daAuts
  Lair:1: 1146 daAuts
     D:6: 1081 daAuts
     D:9: 1076 daAuts
   IceCv: 1046 daAuts
     D:2: 1040 daAuts
     D:3: 1013 daAuts
  Lair:2: 950 daAuts
     D:5: 941 daAuts
